 Dungeon Crawl Stone Soup version 0.29.0-4-gdea44cf6ec (webtiles) character file.

Game seed: 2606165121723722435

1 qw the Grasshopper (level 1, 0/12 HPs)
             Began as a Tengu Warper on Aug 28, 2022.
             Slain by a gnoll
             ... wielding a +0 spear
              (4 damage)
             ... on level 1 of the Dungeon.
             The game lasted 00:00:00 (45 turns).

qw the Grasshopper (Tengu Warper)                     Turns: 45, Time: 00:00:00

Health: 0/12       AC:  3    Str: 11    XL:     1   Next: 20%
Magic:  4/4        EV: 11    Int: 13    God:
Gold:   0          SH:  0    Dex: 13    Spells: 4/4 levels left

rFire   . . .      SeeInvis .   a - +0 hand axe
rCold   . . .      Faith    .   (no shield)
rNeg    . . .      Spirit   .   b - +0 leather armour
rPois   .          Reflect  .   (helmet restricted)
rElec   .          Harm     .   (no cloak)
rCorr   .          Rampage  .   (no gloves)
Will    .....                   (boots unavailable)
Stlth   +.........              (no amulet)
HPRegen 0.04/turn               (no ring)
MPRegen 0.09/turn               (no ring)

@: no status effects
A: beak, talons 3
a: no special abilities


You were on level 1 of the Dungeon.
You visited 1 branch of the dungeon, and saw 1 of its levels.


Innate Abilities, Weirdness & Mutations

You have a beak for a mouth.
You have claws for feet.


   Skills:
 - Level 2.0 Fighting
 + Level 2.3 Axes
 - Level 1.0 Throwing
 - Level 1.1 Armour
 - Level 2.1 Dodging
 - Level 2.0 Spellcasting
 - Level 2.4 Translocations


You had 4 spell levels left.
You didn't know any spells.
Your spell library contained the following spells:

 Spells                   Type           Power      Damage    Failure   Level
 Blink                    Tloc           14%        N/A       19%         2
 Gell's Gravitas          Tloc           7%         N/A       36%         3
 Lesser Beckoning         Tloc           7%         N/A       36%         3
 Teleport Other           Tloc           7%         N/A       36%         3
 Manifold Assault         Tloc           7%         N/A       98%         5

Inventory:

Hand Weapons
 a - a +0 hand axe (weapon)
Missiles
 d - 4 boomerangs of dispersal (quivered)
Armour
 b - a +0 leather armour (worn)
Scrolls
 c - a scroll of blinking

Dungeon Overview and Level Annotations

Branches:
Dungeon (1/15)

Altars:


Message History

You throw a boomerang of dispersal.
The boomerang of dispersal barely misses the kobold.
The kobold throws a stone.
The stone closely misses you.
Throw: 6 boomerangs (disperse)
Press: ? - help, Q - select action Shift-Dir - straight line, f/p - kobold You throw a boomerang of dispersal.
The boomerang of dispersal barely misses the kobold.
The kobold throws a stone.
The stone hits you.
Throw: 5 boomerangs (disperse)
Press: ? - help, Q - select action Shift-Dir - straight line, f/p - kobold You throw a boomerang of dispersal.
The boomerang of dispersal hits the kobold.
The kobold blinks!
The kobold is moderately wounded.
The kobold throws a stone.
The stone barely misses you.
You closely miss the kobold. Your kick misses the kobold.
The kobold is moderately wounded.
A gnoll comes into view. It is wielding a +0 spear.
The kobold closely misses you.
39 ||| Stepping ~*~*~tactically~*~*~ (stealth).
The kobold attacks as you move away! The kobold hits you but does no damage.
There is an open door here.
You closely miss the kobold. Your kick misses the kobold.
You peck the kobold, but do no damage. The kobold hits you but does no damage.
You closely miss the kobold. Your peck misses the kobold.
You punch the kobold, but do no damage. The kobold closely misses you.
You hit the kobold.
You kill the kobold!
The gnoll barely misses you.
Things that are here:
a +0 short sword; 4 stones You closely miss the gnoll.
The gnoll hits you with a +0 spear!
Ouch! That really hurt!
You completely miss the gnoll. You claw the gnoll.
The gnoll is heavily wounded.
The gnoll hits you with a +0 spear.
You die...

##...........###
#...........#
#...........#
#...........######
#...........%..#.g
#...........##.#.#
##############.#.#
#######'#.#
.......@..#
.......g..#
..........#
#######.#...
#+#####


You could see a gnoll.

Vanquished Creatures
  A frilled lizard (D:1)
  A kobold (D:1)
2 creatures vanquished.

Notes
Turn   | Place    | Note
-------+----------+-------------------------------------------
     0 | D:1      | qw the Tengu Warper began the quest for the Orb.
     0 | D:1      | Reached XP level 1. HP: 12/12 MP: 4/4
     0 | D:1      | 0 ||| qw: Version: 0.1-a-89-g26bdef1
     0 | D:1      | 0 ||| qw: Game counter: 2164
     0 | D:1      | 0 ||| qw: Always use a shield: true
     0 | D:1      | 0 ||| qw: God list: Okawaru
     0 | D:1      | 0 ||| qw: Allow faded altars: false
     0 | D:1      | 0 ||| qw: Do Orc after D:15 true
     0 | D:1      | 0 ||| qw: Do second Lair branch before Depths: true
     0 | D:1      | 0 ||| qw: Lair rune preference: random
     0 | D:1      | 0 ||| qw: Plans: Normal
     0 | D:1      | 0 ||| PLANNING D:1-11
    39 | D:1      | 39 ||| Stepping ~*~*~tactically~*~*~ (stealth).
    45 | D:1      | Slain by a gnoll

Levels and vault maps discovered:
D:1:      minmay_arrival_cross, layout_basic

Action                   || total
-------------------------++-------
Melee: Hand axe          ||     8
       Kick              ||     1
       Peck              ||     1
       Punch             ||     1
Throw: Boomerang         ||     3
Armor: Leather armour    ||     2
Dodge: Dodged            ||     6

Table legend:
 A = Non-vault XP
 B = Vault XP
 C = Vault XP percentage of total XP
 D = Non-vault monster count
 E = Vault monster count
 F = Vault count percentage of total count
                 A         B        C        D         E       F
            +---------+---------+-------+---------+---------+-------
      Total |       2 |       0 |   0.0 |       2 |       0 |   0.0
            +---------+---------+-------+---------+---------+-------
        D:1 |       2 |       0 |   0.0 |       2 |       0 |   0.0
            +---------+---------+-------+---------+---------+-------
